 Dungeon Crawl Stone Soup version 0.25-a0-290-g4a1327ee3a (webtiles) character file.

Game seed: 460525810019031666, levelgen mode: deterministic

62 roguesci the Ruffian (level 4, 0/39 HPs)
             Began as a Naga Transmuter on Dec 13, 2019.
             Succumbed to an adder's poison
             ... on level 2 of the Dungeon.
             The game lasted 00:05:51 (2738 turns).

roguesci the Ruffian (Naga Transmuter)              Turns: 2738, Time: 00:05:52

Health: 0/39       AC:  2    Str: 19    XL:     4   Next: 8%
Magic:  6/7        EV: 10    Int: 13    God:
Gold:   20         SH:  0    Dex: 11    Spells: 3/7 levels left

rFire    . . .     SeeInvis +   f - +0 hand axe (curse)
rCold    . . .     Gourm    .   (no shield)
rNeg     . . .     Faith    .   b - +0 robe
rPois    +         Spirit   .   (no helmet)
rElec    .         Reflect  .   (no cloak)
rCorr    .         Harm     .   (no gloves)
MR       .....                  (no barding)
Stlth    +.........             (no amulet)
HPRegen  0.13/turn              (no ring)
MPRegen  0.10/turn              (no ring)

@: mighty, lethally poisoned (0 -> -1), short of breath, flying, very slow
A: large, stinger 1, see invisible, deformed body, poison resistance, slowness
2, slow metabolism 1, spit poison 1, AC +1
a: Spit Poison


You were on level 2 of the Dungeon.
You were not hungry.

You visited 1 branch of the dungeon, and saw 2 of its levels.

You collected 20 gold pieces.

Inventory:

Hand Weapons
 f - a cursed +0 hand axe (weapon)
Missiles
 a - 12 arrows
 c - 46 stones (quivered)
Armour
 b - a +0 robe (worn)
Scrolls
 e - a scroll of teleportation {unknown}
 i - a scroll of noise {unknown}
 l - a scroll of identify {unknown}
Potions
 j - a potion of agility


   Skills:
 * Level 2.0 Fighting
 * Level 2.3 Dodging
 - Level 3.0 Unarmed Combat
 + Level 2.3 Spellcasting
 * Level 2.7 Transmutations
 + Level 0.4 Poison Magic


You had 3 spell levels left.
You knew the following spells:

 Your Spells              Type           Power        Failure   Level  Hunger
a - Beastly Appendage     Tmut           #.....       8%          1    #......
b - Spider Form           Tmut/Pois      #.........   36%         3    ###....

Your spell library contained the following spells:

 Spells                   Type           Power        Failure   Level  Hunger
 Sticks to Snakes         Tmut           #.......     12%         2    ###....
 Ice Form                 Ice/Tmut       #.......     80%         4    #####..
 Blade Hands              Tmut           #.........   91%         5    ######.


Dungeon Overview and Level Annotations

Branches:
Dungeon (2/15)

Altars:


Innate Abilities, Weirdness & Mutations

You cannot wear boots.
Your serpentine skin is tough. (AC +1)
You have supernaturally acute eyesight. (SInv)
Armour fits poorly on your strangely shaped body.
Your system is resistant to poisons. (rPois)
You cover ground very slowly.
You have a slow metabolism.
You can spit poison.
Your tail ends in a poisonous barb.


Message History

You feel sick.
* * * LOW HITPOINT WARNING * * *
You feel sick.
* * * LOW HITPOINT WARNING * * *
You feel sick.
* * * LOW HITPOINT WARNING * * *
You feel sick.
* * * LOW HITPOINT WARNING * * *
You feel sick.
Casting: Spider Form (slightly dangerous; 36% risk of failure)
Confirm with . or Enter, or press ? or * to list all spells.
Okay, then.
Okay, then.
* * * LOW HITPOINT WARNING * * *
You feel sick.
* * * LOW HITPOINT WARNING * * *
You feel sick.
Press: ? - help, Shift-Dir - straight line You feel slightly more hungry.
You die...

...#############
..............@#
#.#.##.######.# #
#.#.##.##...#.#
<..#.#.##.##.#.#.###
....................
.#.#.#.###.#.#.#..
#.# #.#.#.#..# #.#
#.#.#.#..# #.#
#...#.#..#


There were no monsters in sight!

Vanquished Creatures
  An adder (D:2)
  An ooze (D:1)
  A worm (D:2)
  A leopard gecko (D:1)
  5 bats (D:1)
  2 giant cockroaches (D:1)
  2 goblins (D:1)
  9 hobgoblins (D:1)
  7 jackals (D:1)
  A frilled lizard (D:1)
  7 kobolds (D:1)
  4 rats
41 creatures vanquished.

Notes
Turn   | Place    | Note
-------+----------+-------------------------------------------
     0 | D:1      | roguesci the Naga Transmuter began the quest for the Orb.
     0 | D:1      | Reached XP level 1. HP: 18/18 MP: 3/3
   314 | D:1      | Reached XP level 2. HP: 25/25 MP: 3/5
  1058 | D:1      | Reached XP level 3. HP: 22/31 MP: 4/6
  1976 | D:1      | Learned a level 3 spell: Spider Form
  2710 | D:2      | Reached XP level 4. HP: 15/39 MP: 3/7
  2715 | D:2      | Gained mutation: Your tail ends in a poisonous barb.
                  | [potion of mutation]
  2731 | D:2      | HP: 1/39 [poisoned by an adder]
  2738 | D:2      | Succumbed to an adder's poison

Levels and vault maps discovered:
D:1:      shiori_arrival_maze, layout_loops_ring, minmay_pentomino_u2
D:2:      layout_basic, minmay_circle_x

Skill      XL: |  1  2  3 |
---------------+----------+-----
Dodging        | 2 |  2.3
Fighting       | 2 |  2.0
Unarmed Combat | |  3.0
Spellcasting   | |  2.3
Transmutations | |  2.7
Poison Magic   | |  0.4

Action                   |  1- 3 |  4- 6 || total
-------------------------+-------+-------++-------
Melee: Unarmed           |    35 |       ||    35
       Headbutt          |     5 |       ||     5
       Hand axe          |   141 |       ||   141
       Punch             |     3 |       ||     3
 Cast: Beastly Appendage |     6 |       ||     6
       Spider Form       |     3 |       ||     3
 Abil: Spit Poison       |     8 |     1 ||     9
       End Transformatio |       |     1 ||     1
  Use: Potion            |     2 |     3 ||     5
  Eat: Chunk             |     3 |       ||     3
       Ration            |       |     1 ||     1
Armor: Robe              |    58 |       ||    58
Dodge: Dodged            |   147 |       ||   147

Table legend:
 A = Non-vault XP
 B = Vault XP
 C = Vault XP percentage of total XP
 D = Non-vault monster count
 E = Vault monster count
 F = Vault count percentage of total count
                 A         B        C        D         E       F
            +---------+---------+-------+---------+---------+-------
      Total |      82 |       7 |   7.9 |      37 |       4 |   9.8
            +---------+---------+-------+---------+---------+-------
        D:1 |      63 |       7 |  10.0 |      34 |       4 |  10.5
        D:2 |      19 |       0 |   0.0 |       3 |       0 |   0.0
            +---------+---------+-------+---------+---------+-------
